 Dungeon Crawl Stone Soup version 0.19.5 (webtiles) character file.

89 JeffiDaFish the Stinger (level 4, -3/24 HPs)
             Began as a Gargoyle Venom Mage on Mar 11, 2017.
             Slain by a worm (8 damage)
             ... on level 2 of the Dungeon.
             The game lasted 00:06:04 (1314 turns).

JeffiDaFish the Stinger (Gargoyle Venom Mage)       Turns: 1314, Time: 00:06:04

Health: -3/24      AC:  6    Str: 12    XL:     4   Next: 55%
Magic:  6/7        EV: 12    Int: 15    God:
Gold:   119        SH:  0    Dex: 11    Spells: 2 memorised, 3 levels left

rFire  . . .     SeeInvis .     l - +0 spear
rCold  . . .     Gourm    .     k - +0 leather armour
rNeg   + . .     Faith    .     (no shield)
rPois  ∞         Spirit   .     (no helmet)
rElec  +         Reflect  .     (no cloak)
rCorr  .         Harm     .     (no gloves)
MR     .....                    (no boots)
Stlth  ++........               h - amulet of magic regeneration
                                (no ring)
                                (no ring)

@: very slightly contaminated
A: negative energy resistance 1, electricity resistance, unbreathing,
petrification resistance, rot immunity, AC +3
a: no special abilities


You were on level 2 of the Dungeon.
You were not hungry.

You visited 1 branch of the dungeon, and saw 2 of its levels.

You collected 119 gold pieces.

Inventory:

Hand Weapons
 l - a +0 spear (weapon)
Armour
 k - a +0 leather armour (worn)
Jewellery
 h - an amulet of magic regeneration (around neck)
Scrolls
 a - a scroll of remove curse
Potions
 e - 3 potions of curing
 f - 2 potions of cancellation
 i - a potion of agility
Books
 b - a Young Poisoner's Handbook

   Spells                             Type                      Level
   a - Sting                          Conjuration/Poison           1
   b - Mephitic Cloud                 Conjuration/Poison/Air       3
   c - Olgreb's Toxic Radiance        Poison                       4
   d - Alistair's Intoxication        Transmutation/Poison         5
   e - Venom Bolt                     Conjuration/Poison           5
Comestibles
 c - 2 bread rations
 d - a beef jerky
 g - 7 chunks of flesh
 j - a meat ration


   Skills:
 + Level 0.2 Fighting
   Level 0.6 Short Blades
 + Level 0.0 Polearms
 * Level 2.1 Dodging
 - Level 2.3 Stealth
 * Level 2.3 Spellcasting
 * Level 1.3 Conjurations
 + Level 0.4 Air Magic
 * Level 4.7 Poison Magic


You had 3 spell levels left.
You knew the following spells:

 Your Spells              Type           Power        Failure   Level  Hunger
a - Sting                 Conj/Pois      ##..         10%         1    #......
b - Mephitic Cloud        Conj/Pois/Air  #.......     38%         3    ###....


Dungeon Overview and Level Annotations

Branches:
Dungeon (2/15)

Altars:
Makhleb


Innate Abilities, Weirdness & Mutations

You are resistant to torment.
Your stone body is resilient. (AC +3)
You are immune to poison.
You resist negative energy. (rN+)
You are resistant to electric shocks. (rElec)
You can survive without breathing.
You are immune to petrification.
You are immune to rotting.


Message History

The worm is moderately wounded.
The worm bites you.
You hit the worm but do no damage.
The worm is moderately wounded.
The worm completely misses you.
You hit the worm.
The worm is heavily wounded.
You hit the worm but do no damage.
The worm is heavily wounded.
The worm bites you.
You barely miss the worm.
The worm is moderately wounded.
The worm bites you.
* * * LOW HITPOINT WARNING * * *
You hit the worm.
The worm is heavily wounded.
You barely miss the worm.
The worm is heavily wounded.
The worm bites you!
You die...

...##..._.# #.##
.##... ...##.....#
#.# .. ..
#'######### ### .##
#.≈### ### .#
#.≈≈≈#########.# ..
#...≈#.........##.##
#'#8.#.######...#†.#
..##+#.#
####...#)(#.###
.##..#.#
#......@w......
##.....#
####...##.#..##
...###.# ##.## #
#### ### #.# #.# ###


You could see a worm.

Vanquished Creatures
  Jessica (D:2)
  An adder (D:2)
  A worm (D:2)
  3 dart slugs (D:1)
  A leopard gecko (D:1)
  A giant cockroach (D:2)
  3 goblins
  5 hobgoblins
  2 jackals (D:2)
  6 kobolds
  12 bats
  4 frilled lizards (D:1)
  6 rats
46 creatures vanquished.

Notes
Turn   | Place    | Note
-------+----------+-------------------------------------------
     0 | D:1      | JeffiDaFish the Gargoyle Venom Mage began the quest for the Orb.
     0 | D:1      | Reached XP level 1. HP: 10/10 MP: 3/3
   157 | D:1      | Reached XP level 2. HP: 5/15 MP: 0/5
   709 | D:1      | Reached XP level 3. HP: 19/19 MP: 6/6
   808 | D:1      | Learned a level 3 spell: Mephitic Cloud
  1115 | D:2      | Noticed Jessica
  1133 | D:2      | Reached skill level 1 in Conjurations
  1144 | D:2      | Killed Jessica
  1144 | D:2      | Reached XP level 4. HP: 17/24 MP: 7/7
  1168 | D:2      | Found a burning altar of Makhleb.
  1314 | D:2      | Slain by a worm

Skill      XL: |  1  2  3 |
---------------+----------+-----
Conjurations   | 1 |  1.3
Dodging        | 2 |  2.1
Fighting       | |  0.2
Short Blades   | |  0.6
Stealth        | |  2.3
Spellcasting   | |  2.3
Air Magic      | |  0.4
Poison Magic   | |  4.7

Action                   |  1- 3 |  4- 6 || total
-------------------------+-------+-------++-------
Melee: Unarmed           |    24 |       ||    24
       Short sword       |    60 |       ||    60
       Spear             |    28 |    32 ||    60
 Cast: Sting             |    38 |     7 ||    45
       Mephitic Cloud    |     2 |     1 ||     3
  Use: Potion            |     3 |       ||     3
       Scroll            |     4 |       ||     4
 Stab: Confused          |       |     1 ||     1
  Eat: Chunk             |     2 |     1 ||     3
Armor: Robe              |     3 |       ||     3
       Leather armour    |    41 |    15 ||    56
Dodge: Dodged            |    75 |    23 ||    98
